 Dungeon Crawl Stone Soup version 0.22.1-2-g9c5b331383 (webtiles) character file.

5717 Marnok the Cleaver (level 10, 0/92 HPs)
             Began as a Minotaur Berserker on Nov 28, 2018.
             Was a High Priest of Trog.
             Slain by an orc warrior
             ... wielding a +0 dire flail
              (13 damage)
             ... on level 9 of the Dungeon.
             The game lasted 00:52:17 (8051 turns).

Marnok the Cleaver (Minotaur Berserker)             Turns: 8051, Time: 00:52:18

Health: 0/92       AC: 15    Str: 23 (24) XL:     10   Next: 48%
Magic:  0/9        EV: 13    Int:  2 (4)  God:    Trog [*****.]
Gold:   360        SH:  0    Dex:  9 (11) Spells: 9/9 levels left

rFire    + . .     SeeInvis .   C - +0 hand axe (chop)
rCold    + + .     Gourm    .   (no shield)
rNeg     . . .     Faith    .   r - +0 scale mail {rC+}
rPois    +         Spirit   +   (helmet restricted)
rElec    +         Reflect  .   i - +0 cloak
rCorr    +         Harm     .   e - +0 pair of gloves
MR       ++...                  (no boots)
Stlth    +.........             k - amulet of guardian spirit
HPRegen  1.25/turn              n - ring of poison resistance
MPRegen  0.11/turn              f - +5 ring of protection

@: resistant, berserk cooldown, very slightly contaminated, regenerating,
slowed, invisible, very slow
A: retaliatory headbutt, horns 2
a: Berserk, Trog's Hand, Brothers in Arms, Renounce Religion


You were on level 9 of the Dungeon.
You worshipped Trog.
Trog was extremely pleased with you.
You were not hungry.

You visited 1 branch of the dungeon, and saw 10 of its levels.

You collected 360 gold pieces.

Inventory:

Hand Weapons
 h - a +4 quarterstaff of chaos
 l - a +3 great sword
 p - a +2 whip of pain
 q - a +3 flail of protection
 t - a +3 whip of freezing
 z - a cursed -2 whip
 C - a +0 hand axe of chopping (weapon)
 I - a +0 long sword
 M - a +3 flail
 N - a cursed +4 long sword
Missiles
 J - 2 tomahawks of returning (quivered)
Armour
 b - a +0 animal skin
 e - a +0 pair of gloves (worn)
 i - a +0 cloak (worn)
 j - a +0 ring mail
 r - a +0 scale mail of cold resistance (worn)
 x - a +0 robe of fire resistance
 G - a cursed +0 pair of boots
Magical Staves
 D - an uncursed staff of air {unknown}
 F - an uncursed staff of fire {unknown}
Jewellery
 f - a +5 ring of protection (right hand)
 k - an amulet of guardian spirit (around neck)
 n - a ring of poison resistance (left hand)
 o - a +6 ring of evasion {unknown}
 w - a +2 ring of intelligence {unknown}
 A - a cursed ring of teleportation
 E - an uncursed amulet of regeneration {unknown}
Wands
 m - a wand of iceblast (5)
 u - a wand of flame (23)
 B - a wand of digging (10)
Scrolls
 d - a scroll of amnesia
 s - a scroll of blinking
 y - 2 scrolls of remove curse
 H - a scroll of fear
Potions
 g - a potion of magic
 v - 2 potions of brilliance
Miscellaneous
 a - a fan of gales
Comestibles
 c - 3 rations


   Skills:
 + Level 9.7 Fighting
 + Level 12.4 Axes
 + Level 8.2 Armour
 + Level 6.6 Dodging
 + Level 2.8 Stealth


You had 9 spell levels left.
You didn't know any spells.
Your spell library contained the following spells:

 Spells                   Type           Power        Failure   Level  Hunger
 Beastly Appendage        Tmut           #.....       82%         1    ##.....
 Shock                    Conj/Air       #...         82%         1    ##.....
 Sticks to Snakes         Tmut           #.......     91%         2    ###....
 Swiftness                Chrm/Air       #.......     91%         2    ###....
 Spider Form              Tmut/Pois      #.........   99%         3    ####...
 Static Discharge         Conj/Air       #.......     99%         3    ####...
 Airstrike                Air            #.........   100%        4    #####..
 Ice Form                 Ice/Tmut       #.......     100%        4    #####..
 Blade Hands              Tmut           #.........   100%        5    ######.
 Lightning Bolt           Conj/Air       #.........   100%        5    ######.


Dungeon Overview and Level Annotations

Branches:
Dungeon (10/15)
 Temple: D:4-7         Lair: D:8-11         Orc: D:9-12

Altars:
Gozag
Makhleb
Nemelex Xobeh
Trog
Wu Jian
Xom
Yredelemnul


Innate Abilities, Weirdness & Mutations

You reflexively headbutt those who attack you in melee.
You have a pair of horns on your head.


Message History

The orc drinks a potion.
The orc seems to grow stronger.
The crimson imp blinks!
The orc hits you but does no damage.
The orc warrior hits you with a dire flail!
* * * LOW HITPOINT WARNING * * *
You hit the orc warrior.
The orc warrior is almost dead.
You hit the orc. You slash the orc!
You kill the orc!
Trog accepts your kill. The orc warrior barely misses you.
The orc barely misses you.
You feel better.
The orc warrior hits you with a dire flail!
* * * LOW HITPOINT WARNING * * *
The orc hits you but does no damage.
It was a potion of invisibility.
You fade into invisibility!
The orc throws a tomahawk.
The tomahawk misses the orc.
The tomahawk barely misses you.
The orc warrior hits you with a dire flail!
You die...

......?o..#)..†...#....
.............._.......##
.......####.......###..
.##.### #.8...8.# #.. #
##.(...## #.. ###)###
#)# ##)# #@o# #o##


oo# .### .. .5 ... ... You could see an orc warrior, a crimson imp and 3 orcs.

Vanquished Creatures
  A two-headed ogre (D:8)
  A centaur zombie (D:7)
  Prince Ribbit (D:6)
  Grinder (D:4)
  A vampire (D:7)
  A wyvern (D:9)
  Eustachio (D:5)
  Edmund (D:4)
  Duvessa (D:4)
  A hornet zombie (D:9)
  2 orc warriors
  2 phantoms
  2 sky beasts (D:9)
  An ice beast (D:5)
  5 ogres
  4 centaurs
  Blork the orc (D:6)
  3 bullfrogs
  Dowan (D:4)
  4 scorpions
  5 wights (D:7)
  7 killer bees
  4 crimson imps
  A bullfrog zombie (D:5)
  3 hounds
  A jelly (D:4)
  Crazy Yiuf (D:4)
  5 orc priests
  Jessica (D:2)
  2 iguanas
  6 orc wizards
  9 worker ants
  A hound zombie (D:5)
  A worker ant zombie (D:6)
  3 gnolls (D:6)
  11 adders
  A howler monkey skeleton (D:5)
  A shadow imp (D:5)
  4 oozes
  An adder zombie (D:5)
  2 adder skeletons
  2 worms (D:5)
  2 dart slugs
  3 leopard geckos
  25 orcs
  3 giant cockroaches
  11 goblins
  8 hobgoblins
  14 jackals
  6 quokkas
  A ball python skeleton (D:5)
  11 bats
  4 frilled lizards
  12 kobolds
  A leopard gecko zombie (D:8)
  A quokka skeleton (D:6)
  8 rats
217 creatures vanquished.

Notes
Turn   | Place    | Note
-------+----------+-------------------------------------------
     0 | D:1      | Marnok the Minotaur Berserker began the quest for the Orb.
     0 | D:1      | Reached XP level 1. HP: 19/19 MP: 0/0
    39 | D:1      | Reached skill level 4 in Axes
   197 | D:1      | Reached XP level 2. HP: 27/27 MP: 1/1
   389 | D:2      | Noticed a sky beast
   653 | D:1      | Reached XP level 3. HP: 33/33 MP: 2/2
   886 | D:3      | Reached ** piety under Trog
  1107 | D:2      | Noticed Jessica
  1113 | D:2      | Killed Jessica
  1114 | D:2      | Reached XP level 4. HP: 32/41 MP: 3/3
  1275 | D:2      | HP: 1/41 [something (6)]
  1759 | D:2      | Reached skill level 5 in Fighting
  2027 | D:3      | Reached skill level 5 in Axes
  2050 | D:2      | Reached XP level 5. HP: 46/48 MP: 4/4
  2267 | D:4      | Noticed an ogre
  2278 | D:4      | Killed an ogre
  2351 | D:3      | Reached skill level 1 in Stealth
  2378 | D:3      | Reached XP level 6. HP: 52/57 MP: 5/5
  2760 | D:3      | Reached *** piety under Trog
  3218 | D:4      | Reached skill level 6 in Axes
  3226 | D:4      | Noticed Edmund
  3250 | D:4      | Killed Edmund
  3353 | D:5      | Entered Level 5 of the Dungeon
  3359 | D:4      | Found a burning altar of Makhleb.
  3456 | D:4      | Reached XP level 7. HP: 63/63 MP: 6/6
  3600 | D:4      | Found a basalt altar of Yredelemnul.
  3630 | D:4      | Noticed Duvessa
  3631 | D:4      | Noticed Dowan
  3639 | D:4      | Killed Duvessa
  3639 | D:4      | Reached skill level 7 in Axes
  3643 | D:4      | Killed Dowan
  4222 | D:4      | Found a runed door.
  4226 | D:4      | Noticed Crazy Yiuf
  4229 | D:4      | Killed Crazy Yiuf
  4427 | D:4      | Reached skill level 8 in Axes
  4427 | D:4      | Reached XP level 8. HP: 71/71 MP: 7/7
  4453 | D:4      | Noticed Grinder
  4470 | D:4      | Killed Grinder
  4470 | D:4      | Reached skill level 5 in Armour
  4952 | D:5      | Noticed Eustachio
  4973 | D:5      | Killed Eustachio
  5063 | D:5      | Reached skill level 9 in Axes
  5152 | D:5      | Reached **** piety under Trog
  5495 | D:5      | Reached skill level 5 in Dodging
  5600 | D:6      | Reached XP level 9. HP: 79/79 MP: 8/8
  5721 | D:6      | Noticed Blork the orc
  5730 | D:6      | Killed Blork the orc
  5730 | D:6      | Reached skill level 10 in Axes
  5944 | D:6      | Noticed Prince Ribbit
  5959 | D:6      | Killed Prince Ribbit
  6399 | D:7      | Found a bloodstained altar of Trog.
  6424 | D:7      | You fall through a shaft!
  6558 | D:7      | Reached ***** piety under Trog
  6575 | D:7      | Reached skill level 11 in Axes
  6956 | D:7      | Found a sparkling altar of Nemelex Xobeh.
  7004 | D:7      | Found an ornate altar of the Wu Jian Council.
  7006 | D:7      | Found a shimmering altar of Xom.
  7143 | D:9      | Identified a scroll of acquirement
  7180 | D:9      | Reached XP level 10. HP: 78/90 MP: 7/9
  7182 | D:10     | Entered Level 10 of the Dungeon
  7615 | D:8      | Noticed a two-headed ogre
  7633 | D:8      | Killed a two-headed ogre
  7633 | D:8      | Reached skill level 12 in Axes
  7985 | D:9      | Found an opulent altar of Gozag.
  8051 | D:9      | Slain by an orc warrior

Skill      XL: |  1  2  3  4  5  6  7  8  9 10 |
---------------+-------------------------------+-----
Axes           | 4 5 6 8 9 11 12 | 12.4
Fighting       | 4 5 6 7 8 9 |  9.7
Dodging        | 3 4 5 6 |  6.6
Stealth        | 1 2 |  2.8
Armour         | 3 4 6 7 8 |  8.2

Action                   |  1- 3 |  4- 6 |  7- 9 | 10-12 || total
-------------------------+-------+-------+-------+-------++-------
Melee: Hand axe          |    62 |   140 |   357 |   105 ||   664
       Headbutt          |     9 |    25 |    69 |    25 ||   128
Throw: Tomahawk          |       |       |       |     1 ||     1
Invok: Berserk           |       |     2 |     5 |     2 ||     9
       Trog's Hand       |       |       |       |     1 ||     1
       Brothers in Arms  |       |       |       |     1 ||     1
  Use: Potion            |     3 |     3 |     2 |     5 ||    13
       Scroll            |       |     4 |    10 |     1 ||    15
 Stab: Sleeping          |       |       |     2 |       ||     2
  Eat: Ration            |     1 |     2 |     3 |     1 ||     7
       Chunk             |       |     2 |     6 |     2 ||    10
Armor: Animal skin       |    17 |     6 |       |       ||    23
       Ring mail         |       |    26 |    87 |       ||   113
       Skin              |       |     5 |       |       ||     5
       Scale mail        |       |       |     6 |    32 ||    38
Dodge: Dodged            |    47 |   105 |   208 |    80 ||   440
